Map: Magma Mines

Players

Hammer

  • Race: Terran Terran
  • League: Master

IIIIIIIIIIII

  • Race: Protoss Protoss
  • League: Diamond

Tenonee

  • Race: Zerg Zerg
  • League: Diamond

Rome

  • Race: Zerg Zerg

VOD

Have the link to the VOD?

Description

Time

  • Played on: July 26, 2016, 11:18 a.m.
  • Length: 2:45
Show
View Real Time Build Order
Export as new Build Order

Hammer Terran 

Build Orders:  

Get SALT Encoding   

  12  0:01  SCV  
  13  0:13  SCV  
  14  0:18  Supply Depot  
  14  0:25  SCV  
  15  0:36  Refinery  
  15  0:42  Barracks  
  15  0:47  Refinery  
  15  0:52  SCV  
  16  1:05  SCV  
  17  1:17  SCV  
  18  1:31  Factory  
  18  1:33  Orbital Command  
  18  1:36  Barracks Reactor  
  18  1:45  Supply Depot  
  18  1:57  Ghost Academy  
  18  2:02  SCV  
  19  2:14  SCV  
  20  2:21  Hellion x2  
  24  2:26  SCV  
  25  2:33  Supply Depot  
Show
View Real Time Build Order
Export as new Build Order

IIIIIIIIIIII Protoss 

Build Orders:  

Get SALT Encoding   

  12  0:01  Probe (Chrono Boost)  
  13  0:11  Probe (Chrono Boost)  
  14  0:22  Probe (Chrono Boost), Pylon  
  15  0:40  Probe (Chrono Boost)  
  15  0:42  Gateway  
  16  0:51  Probe (Chrono Boost)  
  16  0:56  Assimilator  
  17  1:01  Probe (Chrono Boost)  
  18  1:13  Probe (Chrono Boost)  
  19  1:23  Probe (Chrono Boost), Forge  
  20  1:33  Cybernetics Core  
  20  1:34  Probe (Chrono Boost)  
  20  1:36  Assimilator  
  21  1:40  Pylon  
  21  1:44  Probe (Chrono Boost)  
  22  1:52  Pylon  
  22  1:55  Probe (Chrono Boost)  
  23  2:06  Probe (Chrono Boost)  
  24  2:11  Photon Cannon  
  24  2:16  Probe (Chrono Boost)  
  24  2:19  Photon Cannon  
  25  2:27  Probe (Chrono Boost)  
  26  2:34  Photon Cannon  
Show
View Real Time Build Order
Export as new Build Order

Tenonee Zerg 

Build Orders: Hatch First 

Get SALT Encoding   

  12  0:01  Drone  
  13  0:14  Overlord  
  13  0:18  Drone  
  14  0:33  Drone  
  14  0:34  Drone  
  16  0:40  Drone  
  17  0:47  Drone  
  18  0:57  Hatchery  
  18  1:00  Drone  
  18  1:03  Extractor  
  17  1:16  Spawning Pool  
  16  1:23  Drone x2  
  18  1:30  Overlord  
  18  1:46  Drone  
  19  1:53  Drone  
  24  2:18  Zergling x4  
Show
View Real Time Build Order
Export as new Build Order

Rome Zerg 

Build Orders: Hatch First 

Get SALT Encoding   

  12  0:00  Drone  
  13  0:15  Overlord  
  13  0:19  Drone  
  14  0:23  Extractor  
  14  0:24  Drone  
  15  0:34  Drone  
  16  0:38  Drone  
  17  0:48  Drone  
  18  0:59  Hatchery  
  17  1:11  Extractor  
  17  1:12  Spawning Pool  
  17  1:16  Drone  
  16  1:20  Drone  
  17  1:30  Drone  
  18  1:37  Overlord  
  18  1:44  Drone  
  19  2:00  Queen  
  21  2:14  Zergling x4  
  23  2:22  Spine Crawler  
Tags
 
Add a new tag
Caveats
  • Supply blocks, unpowered buildings, or Contaminate may cause inaccurate times.
  • Supply counts are checked every 10 seconds.